NYP
CONNECTICUT TIGERS @ HUDSON VALLEY RENEGADES
09/06/2047
 
TOP OF THE 1ST
Connecticut Tigers batting - Pitching for Hudson Valley Renegades : RHP Juan Estrella
Pitching: RHP Juan Estrella
Batting: RHB Jaden Warrior 0-0: Called Strike
0-1: Foul Ball, location: 2F
0-2: Ball
1-2: Foul Ball, location: 2F
1-2: Ground out 4-3 (Groundball, 34, EV 101.9 MPH)
Batting: RHB Janne Vihko 0-0: Foul Ball, location: 2F
0-1: Swinging Strike
0-2: Ball
1-2: Fly out, F9 (Flyball, 89D, EV 98.8 MPH)
Batting: RHB Zack DiCicco 0-0: Called Strike
0-1: Ball
1-1: Swinging Strike
1-2: Strikes out swinging, 2-3 out at first.
Top of the 1st over - 0 runs, 0 hits, 0 errors, 0 left on base; Connecticut 0 - Hudson Valley 0
BOTTOM OF THE 1ST
Hudson Valley Renegades batting - Pitching for Connecticut Tigers : RHP Alan Grossfeld
Pitching: RHP Alan Grossfeld
Batting: LHB Jonathan Spino 0-0: SINGLE (Groundball, 6MD, EV 103.1 MPH)
Batting: SHB Josif Popovski 0-0: Called Strike
Jonathan Spino steals 2nd, throwing error, E2
Jonathan Spino to third
0-1: Ball
1-1: Ball
2-1: Called Strike
2-2: Foul Ball, location: 2F
2-2: Foul Ball, location: 2F
2-2: Ball
Wild Pitch!
Jonathan Spino scores
3-2: Base on Balls
Batting: LHB Eric Toney 0-0: Ball
Josif Popovski steals 2nd base
1-0: Ball
2-0: Ball
3-0: Called Strike
3-1: Ground out 6-3 (Groundball, 6, EV 89.4 MPH)
Josif Popovski to third
Batting: LHB Rocky Crowley 0-0: Called Strike
0-1: Swinging Strike
0-2: Strikes out swinging
Batting: RHB Nelle Lommen 0-0: Called Strike
0-1: Swinging Strike
0-2: Ball
1-2: Ground out 5-3 (Groundball, 56S, EV 72.5 MPH)
Bottom of the 1st over - 1 run, 1 hit, 1 error, 1 left on base; Connecticut 0 - Hudson Valley 1
TOP OF THE 2ND
Connecticut Tigers batting - Pitching for Hudson Valley Renegades : RHP Juan Estrella
Batting: LHB Tokugoro Adachi 0-0: Ball
1-0: Ball
2-0: Ball
3-0: Called Strike
3-1: Ground out 4-3 (Groundball, 4, EV 88.1 MPH)
Batting: LHB J.D. Onorati 0-0: Called Strike
0-1: Ball
1-1: Foul Ball, location: 2F
1-2: Ball
2-2: Foul Ball, location: 2F
2-2: Strikes out looking
Batting: SHB Eisse Wijnja 0-0: Called Strike
0-1: Ball
1-1: Foul Ball, location: 2F
1-2: Strikes out swinging
Top of the 2nd over - 0 runs, 0 hits, 0 errors, 0 left on base; Connecticut 0 - Hudson Valley 1
BOTTOM OF THE 2ND
Hudson Valley Renegades batting - Pitching for Connecticut Tigers : RHP Alan Grossfeld
Batting: RHB Dave Galloway 0-0: Called Strike
0-1: Ball
1-1: Swinging Strike
1-2: Ball
2-2: Foul Ball, location: 2F
2-2: Ball
3-2: Base on Balls
Batting: LHB Alex Genao 0-0: Fly out, F7 (Flyball, 7, EV 87.5 MPH)
Batting: LHB Jeremy Burton 0-0: Swinging Strike
0-1: Ball
1-1: Fielders Choice at 2nd, 3-6 (Groundball, 23, EV 86.9 MPH)
Batting: RHB Evan Chalarian 0-0: Ball
1-0: Called Strike
1-1: Ball
Jeremy Burton steals 2nd, throwing error, E2
Jeremy Burton to third
2-1: Foul Ball, location: 2F
2-2: Ball
Passed Ball!
Jeremy Burton scores
3-2: Strikes out swinging
Bottom of the 2nd over - 1 run, 0 hits, 1 error, 0 left on base; Connecticut 0 - Hudson Valley 2
TOP OF THE 3RD
Connecticut Tigers batting - Pitching for Hudson Valley Renegades : RHP Juan Estrella
Batting: SHB Ian Arlotta 0-0: Foul Ball, location: 2F
0-1: Ball
1-1: Ball
2-1: Ground out 3-1 (Groundball, 34, EV 88.8 MPH)
Batting: RHB Kaleb Yerger 0-0: Ball
1-0: Foul Ball, location: 2F
1-1: Ball
2-1: Ball
3-1: Ground out 6-3 (Groundball, 56D, EV 83.8 MPH)
Batting: LHB Zach Rose 0-0: Ball
1-0: Foul Ball, location: 2F
1-1: Foul Ball, location: 2F
1-2: Foul Ball, location: 2F
1-2: Ball
2-2: Ball
3-2: Base on Balls
Batting: RHB Jaden Warrior 0-0: Ball
1-0: Ball
2-0: Ball
3-0: Base on Balls
Zach Rose to second
Batting: RHB Janne Vihko 0-0: SINGLE (Line Drive, 5L, EV 98.1 MPH)
Zach Rose to third
Jaden Warrior to second
Runner from 3rd tries for Home, throw by LF and OUT! 7-2
Top of the 3rd over - 0 runs, 1 hit, 0 errors, 2 left on base; Connecticut 0 - Hudson Valley 2
BOTTOM OF THE 3RD
Hudson Valley Renegades batting - Pitching for Connecticut Tigers : RHP Alan Grossfeld
Batting: LHB Jonathan Spino 0-0: Called Strike
0-1: Ball
1-1: Ground out 6-3 (Groundball, 4M, EV 85.0 MPH)
Batting: SHB Josif Popovski 0-0: SINGLE (Groundball, 25, EV 74.4 MPH) (infield hit)
Batting: LHB Eric Toney 0-0: Called Strike
Josif Popovski is caught stealing 2nd base 2-6
0-1: Ball
1-1: Foul Ball, location: 2F
1-2: Foul Ball, location: 2F
1-2: Ball
2-2: Ball
3-2: Strikes out swinging
Bottom of the 3rd over - 0 runs, 1 hit, 0 errors, 0 left on base; Connecticut 0 - Hudson Valley 2
TOP OF THE 4TH
Connecticut Tigers batting - Pitching for Hudson Valley Renegades : RHP Juan Estrella
Batting: RHB Zack DiCicco 0-0: Swinging Strike
0-1: Foul Ball, location: 2F
0-2: Ball
1-2: Strikes out swinging
Batting: LHB Tokugoro Adachi 0-0: Foul Ball, location: 2F
0-1: Called Strike
0-2: Strikes out swinging
Batting: LHB J.D. Onorati 0-0: Foul Ball, location: 2F
0-1: Ball
1-1: Called Strike
1-2: Foul Ball, location: 2F
1-2: Strikes out swinging
Top of the 4th over - 0 runs, 0 hits, 0 errors, 0 left on base; Connecticut 0 - Hudson Valley 2
BOTTOM OF THE 4TH
Hudson Valley Renegades batting - Pitching for Connecticut Tigers : RHP Alan Grossfeld
Batting: LHB Rocky Crowley 0-0: Called Strike
0-1: Ball
1-1: Ball
2-1: SINGLE (Line Drive, 89S, EV 109.4 MPH)
Batting: RHB Nelle Lommen 0-0: Ball
1-0: Ball
2-0: Ball
3-0: Base on Balls
Rocky Crowley to second
Batting: RHB Dave Galloway 0-0: Foul Ball, location: 2F
0-1: Foul Ball, location: 2F
0-2: Ball
1-2: Fly out, F9 (Flyball, 9, EV 96.9 MPH)
Batting: LHB Alex Genao 0-0: Swinging Strike
0-1: Swinging Strike
0-2: Ball
1-2: Foul Ball, location: 2F
1-2: Foul Ball, location: 2F
1-2: Strikes out swinging
Batting: LHB Jeremy Burton 0-0: Ball
1-0: Fielders Choice at 2nd, 6-4 (Groundball, 6, EV 81.9 MPH)
Bottom of the 4th over - 0 runs, 1 hit, 0 errors, 2 left on base; Connecticut 0 - Hudson Valley 2
TOP OF THE 5TH
Connecticut Tigers batting - Pitching for Hudson Valley Renegades : RHP Juan Estrella
Batting: SHB Eisse Wijnja 0-0: Ball
1-0: Foul Ball, location: 2F
1-1: Foul Ball, location: 2F
1-2: Foul Ball, location: 2F
1-2: Foul Ball, location: 2F
1-2: Fly out, F8 (Line Drive, 78M, EV 108.8 MPH)
Batting: SHB Ian Arlotta 0-0: Called Strike
0-1: Ground out 3-1 (Groundball, 34, EV 105.6 MPH)
Batting: RHB Kaleb Yerger 0-0: Ball
1-0: Ball
2-0: Called Strike
2-1: Ball
3-1: Base on Balls
Batting: LHB Zach Rose 0-0: Ball
1-0: Swinging Strike
1-1: DOUBLE (Line Drive, 9LS, EV 111.2 MPH)
Kaleb Yerger to third
Runner from 3rd tries for Home, SAFE, no throw by RF
Batting: RHB Jaden Warrior 0-0: Ball
1-0: Ground out U3 (Groundball, 3L, EV 78.1 MPH)
Top of the 5th over - 1 run, 1 hit, 0 errors, 1 left on base; Connecticut 1 - Hudson Valley 2
BOTTOM OF THE 5TH
Hudson Valley Renegades batting - Pitching for Connecticut Tigers : RHP Alan Grossfeld
Batting: RHB Evan Chalarian 0-0: Ball
1-0: Called Strike
1-1: Called Strike
1-2: Ball
2-2: Foul Ball, location: 2F
2-2: SINGLE (Groundball, 56D, EV 99.4 MPH)
Batting: LHB Jonathan Spino Balk!
Evan Chalarian to second
0-0: Called Strike
0-1: Fly out, F4 (Flyball, 4D, EV 88.1 MPH)
Batting: SHB Josif Popovski 0-0: Called Strike
0-1: Foul Ball, location: 2F
0-2: Ground out U3 (Groundball, 3L, EV 111.2 MPH)
Evan Chalarian to third
Batting: LHB Eric Toney 0-0: Foul Ball, location: 2F
0-1: Ball
1-1: Fly out, F7 (Flyball, 78S, EV 77.5 MPH)
Bottom of the 5th over - 0 runs, 1 hit, 0 errors, 1 left on base; Connecticut 1 - Hudson Valley 2
TOP OF THE 6TH
Connecticut Tigers batting - Pitching for Hudson Valley Renegades : RHP Juan Estrella
Pitching: RHP Adam Worrell
Batting: RHB Janne Vihko 0-0: Ball
1-0: Ball
2-0: Foul Ball, location: 2F
2-1: Foul Ball, location: 2F
2-2: Strikes out swinging
Batting: RHB Zack DiCicco 0-0: Called Strike
0-1: Ball
1-1: Fly out, F8 (Flyball, 8LM, EV 91.9 MPH)
Batting: LHB Tokugoro Adachi 0-0: Ball
1-0: Ground out 4-3 (Groundball, 34D, EV 98.1 MPH)
Top of the 6th over - 0 runs, 0 hits, 0 errors, 0 left on base; Connecticut 1 - Hudson Valley 2
BOTTOM OF THE 6TH
Hudson Valley Renegades batting - Pitching for Connecticut Tigers : RHP Alan Grossfeld
Batting: LHB Rocky Crowley 0-0: Ball
1-0: Called Strike
1-1: Ball
2-1: Called Strike
2-2: SINGLE (Groundball, 56D, EV 109.4 MPH)
Batting: RHB Nelle Lommen 0-0: Ball
Rocky Crowley steals 2nd base
1-0: Foul Ball, location: 2F
1-1: Called Strike
1-2: SINGLE (Groundball, 6MD, EV 104.4 MPH) (infield hit)
Rocky Crowley to third
Batting: RHB Dave Galloway 0-0: Ball
Nelle Lommen steals 2nd base
1-0: Called Strike
1-1: Ball
2-1: Called Strike
2-2: Foul Ball, location: 2F
2-2: Ball
Wild Pitch!
Rocky Crowley scores
Nelle Lommen to third
3-2: Foul Ball, location: 2F
3-2: Fly out, F8 (Flyball, 8RXD, EV 86.2 MPH)
Runner from 3rd tags up, SCORES, no throw by CF
Batting: LHB Alex Genao 0-0: Ball
1-0: Foul Ball, location: 2F
1-1: Ball
2-1: Ground out 4-3 (Groundball, 4, EV 86.9 MPH)
Batting: LHB Jeremy Burton 0-0: Ball
1-0: Ball
2-0: Ground out 5-3 (Groundball, 56, EV 93.1 MPH)
Bottom of the 6th over - 2 runs, 2 hits, 0 errors, 0 left on base; Connecticut 1 - Hudson Valley 4
TOP OF THE 7TH
Connecticut Tigers batting - Pitching for Hudson Valley Renegades : RHP Adam Worrell
Batting: LHB J.D. Onorati 0-0: Called Strike
0-1: Foul Ball, location: 2F
0-2: Ball
1-2: Ball
2-2: Foul Ball, location: 2F
2-2: Ball
3-2: Fly out, F8 (Line Drive, 8RD, EV 95.0 MPH)
Batting: SHB Eisse Wijnja 0-0: Ball
1-0: Ball
2-0: SINGLE (Groundball, 5D, EV 106.9 MPH)
Batting: SHB Ian Arlotta 0-0: Ball
Wild Pitch!
Eisse Wijnja to second
1-0: Swinging Strike
1-1: Hit by Pitch
Batting: RHB Kaleb Yerger 0-0: Called Strike
0-1: Ball
1-1: Swinging Strike
1-2: Foul Ball, location: 2F
1-2: Ground out 5-3 (Groundball, 5S, EV 66.2 MPH)
Eisse Wijnja to third
Ian Arlotta to second
Batting: LHB Zach Rose 0-0: Called Strike
0-1: Ball
1-1: Ground out 6-3 (Groundball, 6, EV 80.0 MPH)
Top of the 7th over - 0 runs, 1 hit, 0 errors, 2 left on base; Connecticut 1 - Hudson Valley 4
BOTTOM OF THE 7TH
Hudson Valley Renegades batting - Pitching for Connecticut Tigers : RHP Alan Grossfeld
Pitching: LHP Alcander Magos
Batting: RHB Evan Chalarian 0-0: Ball
1-0: Ground out 5-3 (Groundball, 56S, EV 88.1 MPH)
Batting: LHB Jonathan Spino 0-0: Ball
1-0: Ground out 4-3 (Groundball, 4, EV 80.6 MPH)
Batting: SHB Josif Popovski 0-0: Ball
1-0: Swinging Strike
1-1: Called Strike
1-2: Ground out 4-3 (Groundball, 4, EV 85.0 MPH)
Bottom of the 7th over - 0 runs, 0 hits, 0 errors, 0 left on base; Connecticut 1 - Hudson Valley 4
TOP OF THE 8TH
Connecticut Tigers batting - Pitching for Hudson Valley Renegades : RHP Adam Worrell
Now in RF: Chris Lockart
Batting: RHB Jaden Warrior 0-0: Ball
1-0: Called Strike
1-1: Swinging Strike
1-2: Ball
2-2: SOLO HOME RUN (Flyball, 89XD, EV 103.8 MPH), Distance : 401 ft
Batting: RHB Janne Vihko 0-0: Ball
1-0: SINGLE (Groundball, 56D, EV 100.6 MPH)
Batting: RHB Zack DiCicco 0-0: Ball
Wild Pitch!
Janne Vihko to second
1-0: Swinging Strike
1-1: Ball
2-1: Ball
3-1: DOUBLE (Line Drive, 7LS, EV 91.9 MPH)
Janne Vihko scores
Pitching: LHP Hugo Aquino
Pinch Hitting: RHB Khalil Coleman 0-0: Called Strike
0-1: Ball
1-1: Ball
Passed Ball!
Zack DiCicco to third
2-1: Ground out 6-3 (Groundball, 6, EV 108.1 MPH)
Pinch Hitting: RHB Gabe Higley 0-0: Called Strike
0-1: Foul Ball, location: 2F
0-2: Ball
1-2: Strikes out swinging
Pitching: RHP Josh O'Neal
Batting: SHB Eisse Wijnja 0-0: Ground out 4-3 (Groundball, 4, EV 89.4 MPH)
Top of the 8th over - 2 runs, 3 hits, 0 errors, 1 left on base; Connecticut 3 - Hudson Valley 4
BOTTOM OF THE 8TH
Hudson Valley Renegades batting - Pitching for Connecticut Tigers : LHP Alcander Magos
Now at C: Khalil Coleman
Now at 1B: Tony Nunez
Batting: LHB Eric Toney 0-0: Ball
1-0: Ground out U3 (Groundball, 3, EV 100.6 MPH)
Batting: LHB Rocky Crowley 0-0: Swinging Strike
0-1: Ground out 4-3 (Groundball, 4, EV 96.2 MPH)
Batting: RHB Nelle Lommen 0-0: Ball
1-0: SINGLE (Line Drive, 8LS, EV 91.9 MPH)
Batting: RHB Dave Galloway 0-0: Called Strike
0-1: Ball
1-1: Called Strike
1-2: Hit by Pitch
Nelle Lommen to second
Batting: LHB Alex Genao 0-0: Ball
1-0: SINGLE (Flyball, 9LS, EV 91.9 MPH)
Nelle Lommen to third
Dave Galloway to second
Runner from 3rd tries for Home, SAFE, throw by RF to home
Batting: LHB Jeremy Burton 0-0: Ball
1-0: Swinging Strike
1-1: Foul Ball, location: 2F
1-2: Ground out 6-3 (Groundball, 6S, EV 71.9 MPH)
Bottom of the 8th over - 1 run, 2 hits, 0 errors, 2 left on base; Connecticut 3 - Hudson Valley 5
TOP OF THE 9TH
Connecticut Tigers batting - Pitching for Hudson Valley Renegades : RHP Josh O'Neal
Pitching: RHP Tim Inman
Batting: SHB Ian Arlotta 0-0: Foul Ball, location: 2F
0-1: Ball
1-1: Ground out U3 (Groundball, 13, EV 82.5 MPH)
Batting: RHB Kaleb Yerger 0-0: Ball
1-0: Foul Ball, location: 2F
1-1: Foul Ball, location: 2F
1-2: Ground out 6-3 (Groundball, 6M, EV 109.4 MPH)
Batting: LHB Zach Rose 0-0: Ball
1-0: Called Strike
1-1: Called Strike
1-2: Strikes out swinging
Top of the 9th over - 0 runs, 0 hits, 0 errors, 0 left on base; Connecticut 3 - Hudson Valley 5
Thursday, December 15th , 2022 - OOTP Baseball 23.9 Build 102